 Dungeon Crawl Stone Soup version 0.19.1 (webtiles) character file.

749 Krapule the Skirmisher (level 7, 0/56 HPs)
             Began as a Demonspawn Berserker on Dec 22, 2016.
             Was a Priest of Trog.
             Killed by divine providence
             ... invoked by an orc priest
              (16 damage)
             ... on level 5 of the Dungeon.
             The game lasted 00:13:30 (4766 turns).

Krapule the Skirmisher (Demonspawn Berserker)       Turns: 4766, Time: 00:13:30

Health: 0/56       AC: 16    Str: 23    XL:     7   Next: 48%
Magic:  7/7        EV: 10    Int: 13    God:    Trog [***...]
Gold:   261        SH:  0    Dex: 12    Spells: 0 memorised, 6 levels left

rFire  . . .     SeeInvis .     A - +5 mace "Qigeic" {pain, rC+ Str+4 Int+4 Stlth+}
rCold  + . .     Gourm    .     w - +1 plate armour
rNeg   . . .     Faith    .     (no shield)
rPois  .         Spirit   .     (no helmet)
rElec  .         Reflect  .     y - +0 cloak
rCorr  .         Harm     .     h - +0 pair of gloves
MR     +....                    f - +0 pair of boots
Stlth  ..........               (no amulet)
                                (no ring)
                                n - ring of protection from magic

@: no status effects
A: talons 2, nightstalker 2, sturdy frame 2
a: Berserk, Trog's Hand, Burn Spellbooks, Renounce Religion


You were on level 5 of the Dungeon.
You worshipped Trog.
Trog was most pleased with you.
You were not hungry.

You visited 1 branch of the dungeon, and saw 5 of its levels.

You collected 261 gold pieces.

Inventory:

Hand Weapons
 a - a +0 falchion
 A - the +5 mace "Qigeic" (weapon) {pain, rC+ Str+4 Int+4 Stlth+}
   (You found it on level 4 of the Dungeon)

   In the hands of one skilled in necromantic magic, it inflicts extra damage on
   living creatures.
   It affects your strength (+4).
   It affects your intelligence (+4).
   It protects you from cold.
   It makes you more stealthy.
Missiles
 q - a throwing net (quivered)
Armour
 f - a +0 pair of boots (worn)
 h - a +0 pair of gloves (worn)
 w - a +1 plate armour (worn)
 y - a +0 cloak (worn)
Jewellery
 n - a ring of protection from magic (left hand)
Wands
 x - a wand of iceblast (11/15)
Scrolls
 g - 3 scrolls of teleportation
 k - 2 scrolls of enchant armour
 o - a scroll of noise {unknown}
 r - a scroll of fear {unknown}
 s - 2 scrolls of remove curse {unknown}
 v - 3 scrolls of identify {unknown}
 B - a scroll of fog {unknown}
Potions
 b - 3 potions of heal wounds {unknown}
 e - 5 potions of curing
 p - a potion of berserk rage {unknown}
 u - a potion of ambrosia {unknown}
 z - a potion of brilliance {unknown}
Books
 j - a book of the Tempests

   Spells                             Type                      Level
   a - Static Discharge               Conjuration/Air              3
   b - Lightning Bolt                 Conjuration/Air              5
   c - Fireball                       Conjuration/Fire             5
   d - Tornado                        Air                          9
   e - Shatter                        Earth                        9
   Trog disapproves of the use of such an item.
Comestibles
 c - 3 bread rations
 d - a slice of pizza
 i - 2 royal jellies
 l - 3 chunks of flesh
 m - 3 beef jerkies
 t - 3 meat rations


   Skills:
 + Level 5.0 Fighting
 + Level 4.7 Long Blades
 + Level 3.9 Armour
 + Level 4.2 Dodging


You had 6 spell levels left.
You didn't know any spells.

Dungeon Overview and Level Annotations

Branches:
Dungeon (5/15)             Temple (0/1) D:4

Altars:
Qazlal


Innate Abilities, Weirdness & Mutations

You have razor-sharp toenails.
You are significantly more attuned to the shadows.
Your movements are less encumbered by armour. (ER -4)


Message History

You kill the orc wizard!
Trog accepts your kill.
Trog appreciates your killing of a magic user.
The orc hits you but does no damage. The orc hits you with a trident.
Things that are here:
a dagger; a robe; an orc corpse You barely miss the orc.
The orc closely misses you. x2
You closely miss the orc. The orc hits you with a trident.
* * * LOW HITPOINT WARNING * * *
You sock the orc!
You kill the orc!
Trog accepts your kill. The orc hits you but does no damage.
You sock the orc!
You kill the orc!
Trog accepts your kill.
The orc priest invokes the aid of Beogh against you.
Beogh smites you!
You die...

,,,,,,* *,,***,,****
,,,,,,*************,**
*,**
,>,,,,*,,,,,,,,,,,,,*
**,*
,,,,,,*......#*******
*,,* ......#......# *,**
......#......# **,*
......#......# *,,*
......#......#########,**
[.....>......'..@)o...,*
.............#########,*
.............# *,*
.#...#.......# *,*
.#...#.......# *,*
.#...#..###### *,*
.+...+..# *,*
.#†########## ***
##.#.....#..♣♣♣


You could see an orc priest.

Vanquished Creatures
  An ogre (D:4)
  2 scorpions (D:5)
  A howler monkey (D:4)
  A gnoll shaman (D:3)
  A hound (D:4)
  4 orc priests
  5 orc wizards
  5 gnolls (D:3)
  7 adders
  A worm (D:2)
  3 dart slugs
  5 leopard geckos
  13 orcs
  8 bats
  A giant cockroach (D:5)
  14 goblins
  5 hobgoblins
  A quokka (D:4)
  7 frilled lizards
  12 kobolds
  A quokka skeleton (D:4)
  6 rats
104 creatures vanquished.

Notes
Turn   | Place    | Note
-------+----------+-------------------------------------------
     0 | D:1      | Krapule the Demonspawn Berserker began the quest for the Orb.
     0 | D:1      | Reached XP level 1. HP: 18/18 MP: 1/1
   283 | D:1      | Gained mutation: Your movements are slightly less encumbered by armour. (ER -2) [demonic ancestry]
   283 | D:1      | Reached XP level 2. HP: 24/24 MP: 2/2
   826 | D:1      | Gained mutation: You have sharp toenails. [demonic ancestry]
   826 | D:1      | Reached XP level 3. HP: 23/29 MP: 3/3
   872 | D:1      | Reached ** piety under Trog
  1970 | D:2      | Gained mutation: Your movements are less encumbered by armour. (ER -4) [demonic ancestry]
  1970 | D:2      | Reached XP level 4. HP: 11/35 MP: 4/4
  2817 | D:3      | Found a faded altar of an unknown god.
  2989 | D:3      | Gained mutation: You are slightly more attuned to the shadows. [demonic ancestry]
  2989 | D:3      | Reached XP level 5. HP: 42/42 MP: 5/5
  3107 | D:3      | Reached skill level 4 in Fighting
  3257 | D:3      | Reached *** piety under Trog
  3259 | D:3      | Gained mutation: You have razor-sharp toenails. [demonic ancestry]
  3259 | D:3      | Reached XP level 6. HP: 41/48 MP: 6/6
  4095 | D:4      | Got a crystal mace
  4096 | D:4      | Identified the +5 mace "Qigeic" {pain, rC+ Str+4 Int+4 Stlth+} (You found it on level 4 of the Dungeon)
  4139 | D:4      | Found a staircase to the Ecumenical Temple.
  4166 | D:4      | Found a stormy altar of Qazlal.
  4355 | D:4      | Gained mutation: You are significantly more attuned to the shadows. [demonic ancestry]
  4355 | D:4      | Reached XP level 7. HP: 34/55 MP: 7/7
  4558 | D:5      | Entered Level 5 of the Dungeon
  4724 | D:5      | Reached skill level 5 in Fighting
  4766 | D:5      | Killed from afar by an orc priest

Skill      XL: |  1  2  3  4  5  6  7 |
---------------+----------------------+-----
Armour         | 2 3 |  3.9
Dodging        | 2 3 4 |  4.2
Long Blades    | 3 4 |  4.7
Fighting       | 4 5 |  5.0

Action                   |  1- 3 |  4- 6 |  7- 9 || total
-------------------------+-------+-------+-------++-------
Melee: Falchion          |   123 |   174 |       ||   297
       Kick              |    19 |    59 |       ||    78
       Mace              |       |    29 |    41 ||    70
Invok: Berserk           |       |     2 |     1 ||     3
  Use: Potion            |     1 |       |       ||     1
       Scroll            |       |     1 |     3 ||     4
 Stab: Sleeping          |     1 |       |       ||     1
  Eat: Chunk             |     3 |    10 |     3 ||    16
Armor: Animal skin       |    13 |       |       ||    13
       Leather armour    |     4 |       |       ||     4
       Ring mail         |    23 |    27 |       ||    50
       Scale mail        |       |    12 |       ||    12
       Plate armour      |       |    32 |    27 ||    59
Dodge: Dodged            |    72 |   109 |    18 ||   199
       Rpst.: Falchion   |    25 |    29 |       ||    54
